 Dungeon Crawl Stone Soup version 0.30-a0-739-gea05faddec (webtiles) character file.

Game seed: 14689449565148153858

150052 Angani the Bewitcher (level 16, -5/134 HPs)
             Began as a Purple Draconian Hedge Wizard on Feb 4, 2023.
             Was an Initiate of Gozag.
             Slain by an earth elemental (22 damage)
             ... on level 2 of the Elven Halls.
             The game lasted 01:09:32 (26482 turns).

Angani the Bewitcher (DrHW)                        Turns: 26482, Time: 01:09:32

Health: -5/134     AC: 18    Str: 19    XL:     16   Next: 97%
Magic:  32/33      EV: 12    Int: 27    God:    Gozag
Gold:   4645       SH:  0    Dex: 10    Spells: 9/42 levels left

rFire   + . .      SeeInvis +    K - +27 heavy crossbow "Sniper" {heavy, Acc+∞ SInv}
rCold   + . .      Faith    .    (shield currently unavailable)
rNeg    + . .      Spirit   .    (body armour unavailable)
rPois   +          Reflect  .    b - +2 hat
rElec   +          Harm     .    Q - +2 cloak {rCorr}
rCorr   +          Rampage  .    l - +1 Delatra's gloves {ID++}
Will    ++...                    x - +1 pair of boots "Appet" {rElec rPois rCorr Slay-3}
Stlth   ++                       R - amulet of Ruaby {+Inv rN+ Regen+}
HPRegen 1.22/turn                o - +6 ring of intelligence
MPRegen 0.23/turn                y - ring of Biteez {rF+ rC+ Str+6}

@: gold aura, studying Stealth
A: breathe power, AC +9, unfitting armour, cold-blooded, clumsy 1, MP-powered
wands
a: Breathe Dispelling Energy, Renounce Religion, Evoke Invisibility, Potion
Petition, Call Merchant, Bribe Branch


You were on level 2 of the Elven Halls.
You worshipped Gozag.
Gozag was most pleased with you.
You visited 4 branches of the dungeon, and saw 24 of its levels.
You also visited: Bailey and Gauntlet.

You collected 8660 gold pieces.
You spent 3279 gold pieces at shops.
You paid 736 gold pieces to Gozag.

Inventory:

Hand Weapons
 K - the +27 heavy crossbow "Sniper" (weapon) {heavy, Acc+∞ SInv}
   (You found it on level 7 of the Dungeon)

   Acc+∞: It never misses its target.
   SInv:      It lets you see invisible.
 P - the +9 staff of Wucad Mu {*channel}
   (You found it in a Gauntlet)

   *Channel:  It occasionally powers its wielder's spells, but with a chance of
   causing confusion or draining the wielder's intelligence.
   It becomes more likely to activate and less likely to backfire with increased
   Evocations skill.
Armour
 b - a +2 hat (worn)
 l - the +1 Delatra's gloves (worn) {ID++}
   (You found it on level 2 of the Dungeon)

   ID++:      It heals its wearer when they drink unknown potions, and restores
   their MP when they read unknown scrolls.
 x - the +1 pair of boots "Appet" (worn) {rElec rPois rCorr Slay-3}
   (You found it on level 3 of the Dungeon)

   Slay:      It affects your accuracy & damage with ranged weapons and melee
   (-3).
   rElec:     It insulates you from electricity.
   rPois:     It protects you from poison.
   rCorr:     It protects you from acid and corrosion.
 Q - a +2 cloak of preservation (worn)
Jewellery
 h - a +5 ring of evasion
 m - a +6 ring of strength
 o - a +6 ring of intelligence (left hand)
 y - the ring of Biteez (right hand) {rF+ rC+ Str+6}
   (You found it on level 3 of the Lair of Beasts)

   [ring of strength]

   Str:       It affects your strength (+6).
   rF:        It protects you from fire.
   rC:        It protects you from cold.
 D - a ring of protection from cold
 G - a ring of see invisible
 O - a +6 ring of intelligence
 R - the amulet of Ruaby (around neck) {+Inv rN+ Regen+}
   (You found it on level 2 of the Lair of Beasts)

   [amulet of regeneration]

   rN:        It protects you from negative energy.
   +Inv:      It lets you turn invisible.
   Regen:     It increases your rate of health regeneration.
 T - a ring of wizardry
Wands
 d - a wand of quicksilver (6)
 e - a wand of iceblast (24)
 n - a wand of digging (5)
 H - a wand of flame (45)
 J - a wand of paralysis (14)
 L - a wand of mindburst (22)
 M - a wand of polymorph (8)
Scrolls
 a - 4 scrolls of blinking
 i - 5 scrolls of fear
 k - a scroll of torment
 q - 5 scrolls of identify
 r - 7 scrolls of magic mapping
 t - 20 scrolls of teleportation
 u - 6 scrolls of fog
 v - 6 scrolls of amnesia
 w - a scroll of brand weapon
 A - 6 scrolls of immolation
 C - 4 scrolls of butterflies
 F - a scroll of poison
 S - 3 scrolls of enchant armour
 U - 4 scrolls of enchant weapon
 V - a scroll of silence
Potions
 c - 9 potions of magic
 f - 13 potions of curing
 g - 4 potions of resistance
 j - 5 potions of brilliance
 p - 10 potions of heal wounds
 s - 5 potions of haste
 z - 10 potions of might
 B - 2 potions of invisibility
 E - 4 potions of cancellation
 I - 7 potions of mutation
 N - a potion of berserk rage
 Y - 4 potions of lignification
 Z - 4 potions of flight
Miscellaneous
 W - a condenser vane
 X - a phantom mirror


   Skills:
 - Level 10.1 Fighting
 - Level 15.0 Ranged Weapons
 - Level 1.7 Dodging
 - Level 1.7 Stealth
 - Level 13.9 Spellcasting
 - Level 8.1 Conjurations
 + Level 15.7 Hexes
 - Level 1.0 Summonings
 - Level 4.2 Translocations
 - Level 10.9 Air Magic
 - Level 5.1 Poison Magic


You had 9 spell levels left.
You knew the following spells:

 Your Spells              Type           Power      Damage    Failure   Level
a - Magic Dart            Conj           100%       1d8       1%          1
b - Blink                 Tloc           82%        N/A       1%          2
c - Mephitic Cloud        Conj/Pois/Air  58%        N/A       1%          3
d - Airstrike             Air            33%        2d(5-21)  1%          4
e - Lightning Bolt        Conj/Air       31%        1d48      1%          5
f - Arcjolt               Conj/Air       31%        1d41      1%          5
g - Silence               Hex/Air        37%        N/A       1%          5
h - Enfeeble              Hex            40%        N/A       3%          7
i - Apportation           Tloc           82%        N/A       1%          1

Your spell library contained the following spells:

 Spells                   Type           Power      Damage    Failure   Level
 Slow                     Hex            100%       N/A       0%          1
 Confusing Touch          Hex            80%        N/A       0%          3
 Tukima's Dance           Hex            80%        N/A       0%          3
 Shock                    Conj/Air       100%       1d9       1%          1
 Cigotuvi's Dreadful Rot  Necr/Pois/Air  94%        N/A       1%          2
 Ensorcelled Hibernation  Hex/Ice        100%       N/A       1%          2
 Static Discharge         Conj/Air       100%       2-7/arc   1%          2
 Swiftness                Air            67%        N/A       1%          3
 Vhi's Electric Charge    Tloc/Air       100%       N/A       1%          3
 Anguish                  Hex/Necr       28%        N/A       1%          4
 Leda's Liquefaction      Hex/Erth       28%        N/A       1%          4
 Call Imp                 Summ           24%        N/A       2%          2
 Summon Lightning Spire   Summ/Air       50%        N/A       2%          4
 Yara's Violent Unravell  Hex/Tmut       28%        3d12      3%          5
 Passwall                 Tmut/Erth      15%        N/A       4%          2
 Sublimation of Blood     Necr           18%        N/A       4%          2
 Passage of Golubria      Tloc           41%        N/A       4%          4
 Freezing Cloud           Conj/Ice/Air   26%        6-21      6%          5
 Frozen Ramparts          Ice            36%        1d6       9%          3
 Vampiric Draining        Necr           18%        2d7       9%          3
 Irradiate                Conj/Tmut      20%        3d18      16%         5
 Summon Ice Beast         Ice/Summ       21%        N/A       22%         4
 Dispel Undead            Necr           18%        3d11      28%         4
 Petrify                  Tmut/Erth      18%        N/A       28%         4
 Alistair's Intoxication  Tmut/Pois      21%        N/A       28%         5
 Blade Hands              Tmut           9%         N/A       63%         5
 Lee's Rapid Deconstruct  Erth           9%         3d7*      63%         5
 Iron Shot                Conj/Erth      20%        9d5       63%         6
 Death Channel            Necr           9%         N/A       99%         6
 Statue Form              Tmut/Erth      12%        N/A       99%         6
 Dragon Form              Tmut           9%         N/A       100%        7
 Infestation              Necr           9%         N/A       100%        8
 Lehudib's Crystal Spear  Conj/Erth      20%        10d6      100%        8
 Animate Armour           Summ/Erth      Unusable   N/A       N/A         4

Dungeon Overview and Level Annotations

Branches:
Dungeon (15/15)            Temple (0/1) D:5            Lair (5/5) D:9
  Swamp (0/4) Lair:2       Spider (0/4) Lair:3        Slime (0/5) Lair:5
    Orc (2/2) D:11            Elf (2/3) Orc:2        Vaults (0/5) D:13
 Depths (0/4) D:15         Bailey (visited)         Gauntlet (visited)

Altars:
Cheibriados
Dithmenos
Fedhas
Gozag
Hepliaklqana
Kikubaaqudgha
Qazlal
Ru
Sif Muna
Trog
Xom
Zin
The Shining One
Jiyva

Shops:
D:4 [   Orc:2 ?([*[*(   Elf:1 !

Annotations:
D:3 1 runed translucent door, Crazy Yiuf
D:12 2 transporters, Plog's ghost, journeyman DgVM


Innate Abilities, Weirdness & Mutations

You can breathe bolts of dispelling energy.
Your rich purple scales are hard. (AC +9)
You cannot fit into any form of body armour.
You are cold-blooded and may be slowed by cold attacks.
You are clumsy. (Dex -2)
You expend magic power (3 MP) to strengthen your wands.


Message History

The deep elf knight hits the deep elf knight with a +2 short sword of holy wrath.
The deep elf knight hits itself with a +2 short sword of holy wrath!!
The deep elf pyromancer hits the deep elf knight with a +0 rapier.
The deep elf zephyrmancer gestures wildly while chanting.
The deep elf zephyrmancer blinks!
The deep elf knight shoots an arrow.
The arrow barely misses the deep elf knight.
The arrow misses you.
Unknown command.
The fire elemental disappears in a puff of smoke!
The deep elf knight shoots an arrow.
The arrow completely misses the deep elf knight.
The arrow hits you. The earth elemental hits you!!
* * * LOW HITPOINT WARNING * * *
The deep elf pyromancer hits the deep elf knight with a +0 rapier.
Things that are here:
21 gold pieces; a +0 short sword; a +0 chain mail The deep elf knight attacks as you move away!
The deep elf knight unwields a +0 shortbow.
The deep elf knight wields a +0 long sword of freezing.
It glows with a cold blue light!
The deep elf knight hits you with a +0 long sword of freezing.
* * * LOW HITPOINT WARNING * * *
The deep elf knight unwields a +0 long sword of freezing.
The deep elf knight wields a +0 shortbow.
The deep elf knight shoots an arrow.
The arrow barely misses you.
The deep elf knight shoots an arrow.
The arrow hits the deep elf knight!!
The deep elf knight dies!
The deep elf knight shoots an arrow.
The arrow hits you!
* * * LOW HITPOINT WARNING * * *
The earth elemental hits you!
* * * LOW HITPOINT WARNING * * *
The deep elf knight cries.
There is a stone staircase leading up, spattered with blood here.
The deep elf knight shoots an arrow.
The arrow barely misses you.
The deep elf zephyrmancer casts a spell.
The deep elf zephyrmancer blinks!
Something completely misses the deep elf zephyrmancer.
The earth elemental hits you!!
You die...
Your body crumbles into a pile of gold.

...e.[. ☼..e.
.e. #e# #$# #$#
##$######.
.######.E.......
.......@........
.######.######.#
#.# #.# #+#


You could see 2 deep elf knights, an earth elemental and a deep elf
zephyrmancer.

Vanquished Creatures
  Kirke (D:13)
  Roxanne (D:14)
  Louise (D:14)
  An orc warlord (Orc:2)
  Nessos (D:12)
  A minotaur (Gauntlet)
  2 dire elephants (Lair:5)
  2 ettins
  Josephine (D:14)
  A fire dragon (D:8)
  6 hydras
  An ogre mage (D:15)
  A catoblepas (D:15)
  A death knight (D:8)
  5 centaur warriors
  4 dancing weapons
  7 death yaks
  7 boulder beetles
  11 two-headed ogres
  2 thrashing horrors (Gauntlet)
  An orc high priest (Orc:2)
  2 tengu warriors (D:15)
  A hell knight (D:15)
  Amaemon (D:8)
  3 deep elf knights
  A spectral anaconda (Lair:5)
  A spectral death yak (Lair:5)
  4 deep elf archers
  The ghost of Leeroy the Carver, a novice VSWr of Wu Jian (D:11)
  A deep troll (D:15)
  2 wizards
  2 necromancers
  An obsidian statue (Lair:5)
  3 orc knights
  17 deep elf pyromancers
  6 orc sorcerers
  4 deep elf zephyrmancers
  3 manticores
  An oklob plant (Lair:5)
  A will-o-the-wisp (Lair:2)
  3 cyclopes
  An ugly thing (D:8)
  30 elephants
  Maurice (D:8)
  4 black mambas
  4 torpor snails
  12 cane toads
  2 gargoyles
  An orange demon (D:8)
  4 rime drakes
  A rime drake (shapeshifter) (D:8)
  An unseen horror (D:12)
  2 yaktaurs (D:15)
  5 kobold demonologists
  A tengu conjurer (D:13)
  An ice devil (Gauntlet)
  5 trolls
  2 polar bears
  A hornet (D:8)
  Prince Ribbit (D:8)
  14 blink frogs
  4 slime creatures (D:12)
  A shadow (D:10)
  A vampire (D:13)
  A jumping spider (Lair:3)
  7 wraiths
  A water elemental (Elf:2)
  3 air elementals
  4 basilisks
  35 yaks
  6 wyverns
  5 steam dragons
  5 hogs (D:13)
  10 vampire mosquitoes
  Eustachio (D:4)
  6 swamp worms
  13 water moccasins
  2 acid dragons
  25 orc warriors
  4 ice beasts
  5 sky beasts
  7 ogres
  6 black bears
  8 wolves
  14 centaurs
  2 phantoms
  24 kobold brigands
  Blork the orc (D:5)
  21 bullfrogs
  A necrophage (D:8)
  2 cane toad simulacra (Lair:5)
  An earth elemental (Elf:1)
  3 scorpions
  9 wights
  2 gnoll sergeants
  3 small abominations (Gauntlet)
  A hornet simulacrum (D:14)
  An elephant simulacrum (Lair:5)
  3 howler monkeys
  2 electric eels (D:8)
  A jelly (D:6)
  2 gnoll boudas
  22 orc priests
  3 hounds
  An iguana (D:5)
  Terence (D:2)
  19 orc wizards
  36 gnolls
  9 adders
  2 shadow imps
  6 white imps
  An ufetubus (D:5)
  A worm (D:5)
  A dart slug (D:1)
  76 orcs
  7 endoplasms
  3 giant cockroaches
  9 goblins
  6 hobgoblins
  4 jackals (D:1)
  6 quokkas
  4 ball pythons
  5 bats
  4 frilled lizards
  28 kobolds
  6 rats
  A bush (Lair:5)
723 creatures vanquished.

Vanquished Creatures (others)
  A deep elf knight (Elf:2)
  3 foxfires (Lair:2)
  44 fungi
  50 plants
  13 withered plants (Lair:5)
111 creatures vanquished.

Grand Total: 834 creatures vanquished

Notes
Turn   | Place    | Note
-------+----------+-------------------------------------------
     0 | D:1      | Angani the Draconian Hedge Wizard began the quest for the
                  | Orb.
     0 | D:1      | Reached XP level 1. HP: 14/14 MP: 4/4
   292 | D:1      | Reached XP level 2. HP: 20/20 MP: 0/6
   695 | D:1      | Reached XP level 3. HP: 26/26 MP: 1/8
   879 | D:1      | Found a faded altar of an unknown god.
   891 | D:1      | Prayed at the altar of an unknown god.
   891 | D:1      | Became a worshipper of Gozag Ym Sagoz the Greedy
  1260 | D:2      | Found the +1 Delatra's gloves {ID++}
  1926 | D:2      | Noticed Terence
  1944 | D:2      | Gained mutation: You are clumsy. (Dex -2) [potion of
                  | mutation]
  1944 | D:2      | Gained mutation: You expend magic power (3 MP) to
                  | strengthen your wands. [potion of mutation]
  1952 | D:2      | Killed Terence
  1953 | D:2      | Reached XP level 4. HP: 19/33 MP: 2/10
  2464 | D:3      | Found a snail-covered altar of Cheibriados.
  2831 | D:3      | Found a runed translucent door.
  2832 | D:3      | Noticed Crazy Yiuf
  2869 | D:3      | Identified the +1 pair of boots "Appet" {rElec rPois rCorr
                  | Slay-3}
  3496 | D:4      | Noticed a phantom
  3512 | D:4      | Killed a phantom
  3513 | D:4      | Reached XP level 5. HP: 32/38 MP: 7/12
  3753 | D:4      | Noticed Eustachio
  3991 | D:4      | Killed Eustachio
  3992 | D:4      | Reached skill level 5 in Spellcasting
  3992 | D:4      | Reached XP level 6. HP: 26/45 MP: 2/13
  4153 | D:4      | Learned a level 2 spell: Blink
  4185 | D:4      | Learned a level 3 spell: Mephitic Cloud
  4190 | D:4      | Learned a level 4 spell: Airstrike
  4192 | D:4      | Found Mevimigg's Armour Emporium.
  4772 | D:5      | Entered Level 5 of the Dungeon
  4783 | D:5      | Reached skill level 1 in Air Magic
  4783 | D:5      | Reached skill level 1 in Poison Magic
  4783 | D:5      | Your scales start taking on a rich purple colour.
  4783 | D:5      | Reached XP level 7. HP: 50/50 MP: 6/16
  4866 | D:5      | Noticed Blork the orc
  4874 | D:5      | Killed Blork the orc
  5089 | D:5      | Found a shimmering altar of Xom.
  5130 | D:5      | Noticed a two-headed ogre
  5459 | D:5      | Killed a two-headed ogre
  5460 | D:5      | Reached XP level 8. HP: 35/57 MP: 8/17
  5656 | D:5      | Found a staircase to the Ecumenical Temple.
  5846 | D:5      | Found a bloodstained altar of Trog.
  6232 | D:5      | Reached skill level 5 in Air Magic
  6232 | D:5      | Reached skill level 5 in Poison Magic
  6955 | D:6      | Reached XP level 9. HP: 62/62 MP: 15/19
  7313 | D:6      | Found a stormy altar of Qazlal.
  7703 | D:6      | Found a shimmering blue altar of Sif Muna.
  7803 | D:6      | Found a glowing silver altar of Zin.
  8055 | D:6      | Found an opulent altar of Gozag.
  8785 | D:7      | Found a hazy altar of Hepliaklqana.
  8785 | D:7      | Found a blossoming altar of Fedhas.
  8816 | D:7      | Found a sacrificial altar of Ru.
  8823 | D:7      | Found the +27 heavy crossbow "Sniper" {heavy, Acc+∞ SInv}
  9317 | D:8      | Noticed Maurice
  9319 | D:8      | Killed Maurice
  9320 | D:8      | Reached XP level 10. HP: 69/69 MP: 20/23
  9386 | D:8      | Reached skill level 10 in Spellcasting
  9761 | D:8      | Noticed a cyclops
  9767 | D:8      | Killed a cyclops
  9776 | D:8      | Noticed a death knight
  9780 | D:8      | Killed a death knight
  9781 | D:8      | Reached skill level 10 in Air Magic
  9852 | D:8      | Noticed a purple ugly thing
  9855 | D:8      | Killed a purple ugly thing
  9939 | D:8      | Noticed a cyclops
  9942 | D:8      | Reached XP level 11. HP: 69/74 MP: 22/26
 10070 | D:8      | Learned a level 5 spell: Lightning Bolt
 10076 | D:8      | Learned a level 5 spell: Arcjolt
 10103 | D:8      | Noticed a fire dragon
 10115 | D:8      | Killed a fire dragon
 10116 | D:8      | Reached skill level 5 in Conjurations
 10289 | D:8      | Noticed a wizard
 10294 | D:8      | Killed a wizard
 10377 | D:8      | Noticed Amaemon
 10380 | D:8      | Killed Amaemon
 10532 | D:8      | Noticed Prince Ribbit
 10534 | D:8      | Killed Prince Ribbit
 10640 | D:8      | Learned a level 5 spell: Silence
 10648 | D:8      | Learned a level 7 spell: Enfeeble
 10718 | D:9      | Found a flagged portal.
 10751 | Bailey   | Entered a bailey
 11053 | Bailey   | Noticed an orc knight
 11061 | Bailey   | Killed an orc knight
 11173 | D:9      | Found a staircase to the Lair.
 11428 | D:9      | Noticed a two-headed ogre
 11430 | D:9      | Killed a two-headed ogre
 11431 | D:9      | Noticed a two-headed ogre
 11435 | D:9      | Killed a two-headed ogre
 12246 | D:8      | Learned a level 1 spell: Apportation
 12402 | D:8      | Found a shadowy altar of Dithmenos.
 12553 | D:10     | Entered Level 10 of the Dungeon
 12609 | D:10     | Reached skill level 1 in Fighting
 12609 | D:10     | Reached skill level 1 in Hexes
 12609 | D:10     | Reached XP level 12. HP: 83/83 MP: 24/29
 13330 | D:10     | Found a glowing golden altar of the Shining One.
 13574 | D:11     | Noticed a four-headed hydra
 13630 | D:11     | Found a gate leading to a gauntlet.
 13639 | Gauntlet | Entered a Gauntlet
 13639 | Gauntlet | Found a transporter.
 13646 | Gauntlet | Found a transporter.
 13648 | Gauntlet | Found a transporter.
 13662 | Gauntlet | Found a transporter.
 13666 | Gauntlet | Found a transporter.
 13675 | Gauntlet | Found a transporter.
 13682 | Gauntlet | Found a runed translucent door.
 13689 | Gauntlet | Found a transporter.
 13700 | Gauntlet | Found a transporter.
 13712 | Gauntlet | Found a transporter.
 13717 | Gauntlet | Found a transporter.
 13717 | Gauntlet | Found a transporter.
 13727 | Gauntlet | Noticed a catoblepas
 13745 | Gauntlet | Found a transporter.
 13745 | Gauntlet | Found a transporter.
 13797 | Gauntlet | Found a transporter.
 13799 | Gauntlet | Found the +9 staff of Wucad Mu {*channel}
 14320 | Gauntlet | Reached skill level 5 in Fighting
 14320 | Gauntlet | Reached skill level 5 in Hexes
 14471 | Gauntlet | Identified the amulet of the City {rElec Regen+ Str+3
                  | Int+3}
 14496 | Gauntlet | Noticed a minotaur
 14498 | Gauntlet | Reached skill level 10 in Hexes
 14498 | Gauntlet | Reached XP level 13. HP: 85/100 MP: 26/30
 14505 | Gauntlet | Killed a minotaur
 14515 | Gauntlet | Identified the +2 leather armour of the Clam {rF+ Will+
                  | Regen+ MP+9}
 14555 | Gauntlet | Reached XP level 14. HP: 107/107 MP: 31/31
 14871 | D:11     | Found a runed translucent gate.
 14872 | D:11     | Found a runed translucent gate.
 14873 | D:11     | Found a runed translucent gate.
 14875 | D:11     | Noticed Leeroy's ghost (novice VSWr)
 14889 | D:11     | Killed Leeroy's ghost
 15077 | D:11     | Found a staircase to the Orcish Mines.
 15313 | Lair:1   | Entered Level 1 of the Lair of Beasts
 16018 | Lair:1   | Got Wimyraics's Anthology of Snowy Shadows
 16300 | Lair:2   | Got the Directory of Conduction
 16305 | Lair:2   | Identified the amulet of Ruaby {+Inv rN+ Regen+}
 16794 | Lair:2   | Found a staircase to the Swamp.
 16797 | Lair:2   | Reached skill level 10 in Fighting
 17126 | Lair:3   | Reached skill level 1 in Ranged Weapons
 17142 | Lair:3   | Reached XP level 15. HP: 97/126 MP: 15/32
 17359 | Lair:3   | Found a snail-covered altar of Cheibriados.
 17498 | Lair:3   | Found a hole to the Spider Nest.
 17711 | Lair:3   | Identified the ring of Biteez {rF+ rC+ Str+6}
 17791 | Lair:3   | Reached skill level 5 in Ranged Weapons
 19276 | Lair:5   | Entered Level 5 of the Lair of Beasts
 19276 | Lair:5   | Found a viscous altar of Jiyva.
 19276 | Lair:5   | Found a staircase to the Slime Pits.
 20049 | Lair:5   | Identified the +0 battleaxe "Aciluh" {protect, Drain Will-
                  | Str+2 Dex+8}
 20151 | Lair:5   | Reached skill level 10 in Ranged Weapons
 20642 | Orc:1    | Entered Level 1 of the Orcish Mines
 20809 | Orc:2    | Entered Level 2 of the Orcish Mines
 20809 | Orc:2    | Found Vulum's General Store.
 20809 | Orc:2    | Found Emuoleuc's Distillery.
 21083 | Orc:2    | Found Ynwissyi's Assorted Antiques.
 21095 | Orc:2    | Bought a scroll of teleportation for 90 gold pieces
 21095 | Orc:2    | Bought a scroll of teleportation for 90 gold pieces
 21259 | Orc:2    | Found Wuic Nagg's Weapon Shop.
 21355 | Orc:2    | Found Dytovvosh's Armour Boutique.
 21496 | Orc:2    | Found a staircase to the Elven Halls.
 21673 | Orc:2    | Found Cosak's Magic Scroll Shop.
 22005 | Orc:2    | Found Udduened's Antique Armour Shop.
 22009 | Orc:2    | Found Ygru's Antique Weapon Boutique.
 22016 | Orc:2    | Bought an embroidered cloak for 277 gold pieces
 22196 | Orc:2    | Bought a manual of Stealth for 960 gold pieces
 22208 | Orc:2    | Bought a potion of curing for 30 gold pieces
 22208 | Orc:2    | Bought a potion of invisibility for 80 gold pieces
 22208 | Orc:2    | Bought a potion of cancellation for 80 gold pieces
 22208 | Orc:2    | Bought a potion of might for 40 gold pieces
 22208 | Orc:2    | Bought a potion of might for 40 gold pieces
 22208 | Orc:2    | Bought a potion of heal wounds for 50 gold pieces
 22208 | Orc:2    | Bought a potion of heal wounds for 50 gold pieces
 22237 | Orc:2    | Bought a potion of cancellation for 240 gold pieces
 22237 | Orc:2    | Bought a potion of haste for 300 gold pieces
 22299 | Orc:2    | Bought a scroll of immolation for 48 gold pieces
 22299 | Orc:2    | Bought a scroll of teleportation for 36 gold pieces
 22299 | Orc:2    | Bought a scroll of immolation for 48 gold pieces
 22299 | Orc:2    | Bought a scroll of magic mapping for 90 gold pieces
 22299 | Orc:2    | Bought a scroll of teleportation for 36 gold pieces
 22299 | Orc:2    | Bought a scroll of fog for 48 gold pieces
 22368 | D:12     | Noticed Nessos
 22371 | D:12     | Killed Nessos
 22465 | D:12     | Identified the +5 flail of the Realm of Zot {elec, rPois
                  | rN+ Int+4 Stlth-}
 22474 | D:12     | Reached XP level 16. HP: 126/134 MP: 26/33
 22680 | D:12     | Found a transporter.
 22705 | D:12     | Found a transporter.
 22708 | D:12     | Noticed Plog's ghost (journeyman DgVM)
 22969 | D:13     | Noticed Kirke
 22977 | D:13     | Killed Kirke
 23345 | D:13     | Found a gate to the Vaults.
 23708 | D:14     | You fall into a shaft and drop 1 floor!
 23708 | D:15     | Entered Level 15 of the Dungeon
 23979 | D:14     | Found an ancient bone altar of Kikubaaqudgha.
 24043 | D:14     | Noticed Josephine
 24051 | D:14     | Killed Josephine
 24051 | D:14     | Identified the +6 tower shield "Obol" {Str+2}
 24051 | D:14     | Noticed Louise
 24062 | D:14     | Killed Louise
 24235 | D:14     | Noticed Roxanne
 24242 | D:14     | Killed Roxanne
 24790 | D:15     | Found a staircase to the Depths.
 25031 | D:15     | Reached skill level 15 in Ranged Weapons
 25486 | Elf:1    | Entered Level 1 of the Elven Halls
 25947 | Elf:1    | Found Payfaas's Distillery.
 25956 | Elf:1    | Bought a potion of resistance for 190 gold pieces
 25956 | Elf:1    | Bought a potion of magic for 152 gold pieces
 25956 | Elf:1    | Bought a potion of curing for 57 gold pieces
 25956 | Elf:1    | Bought a potion of heal wounds for 95 gold pieces
 25956 | Elf:1    | Bought a potion of cancellation for 152 gold pieces
 26102 | Elf:1    | Reached skill level 15 in Hexes
 26465 | Elf:2    | Paralysed by an air elemental for 1 turns
 26482 | Elf:2    | Slain by an earth elemental

Illustrated notes

Levels and vault maps discovered:
D:1:      dpeg_arrival_arbitrary_b, layout_basic, ebering_ecumenical_altar_webs,
          kennysheep_small_spiral
D:2:      layout_loops_ring, chequers_serial_rivers_micro_c,
          lemuel_flame_loot_1, uniq_terence
D:3:      layout_basic, lemuel_tele_altar, uniq_crazy_yiuf_cottage
D:4:      nicolae_BIG_FREAKIN_CUBE, layout_basic, serial_shops,
          nicolae_take_the_stairs, minmay_statues_item, uniq_eustachio
D:5:      layout_basic, nicolae_overflow_hidden_temple,
          mainiacjoe_overflow_cross_hatched, minmay_temple_entry_hall,
          uniq_blork_the_orc
D:6:      layout_basic, pdpol_temple_overflow_zin_treasury_gozag_greed,
          nicolae_qazlal_general_emergency, nicolae_sif_muna_condensation,
          moated_statue
D:7:      layout_basic, gammafunk_temple_overflow_wave,
          mainiacjoe_overflow_brackets
D:8:      nzn_winding_woodlands_large [nzn_winding_woodlands_5x5_open_star,
          nzn_winding_woodlands_5x15_jagged,
          nzn_winding_woodlands_5x5_closed_star,
          nzn_winding_woodlands_center_lodge,
          nzn_winding_woodlands_15x15_boxy_spiral,
          nzn_winding_woodlands_center_triple_pond,
          nzn_winding_woodlands_hourglass,
          nzn_winding_woodlands_5x15_river_crossing,
          nzn_winding_woodlands_5x5_cross], layout_loops_cross,
          grunt_dithmenos_smoke_and_mirrors, uniq_maurice, uniq_amaemon,
          uniq_prince_ribbit1
D:9:      layout_basic, due_lair_maze_entry_diamond, enter_bailey_5
D:10:     layout_loops_corners, kennysheep_mini
D:11:     layout_rooms, minmay_orc_entry_temple_small, gauntlet_entry_generic,
          gammafunk_ghost_nasty_kobolds, roderic_nine_men_s_morris
D:12:     layout_rooms, gammafunk_ghost_stat_death, uniq_nessos
D:13:     layout_roguey, erik_vaults_1, uniq_kirke
D:14:     layout_gridville, kiku_gazebo_garden_becter, uniq_josephine,
          uniq_roxanne, uniq_louise
D:15:     hangedman_depths_entry_civil_slaughter, layout_irregular_city,
          minmay_fountain_box
Lair:1:   layout_roguey, worms_lemuel
Lair:2:   layout_misc_corridors, minmay_swamp_entry_wisps, serial_bayou_pond_c,
          grunt_megastairs_1
Lair:3:   layout_regular_city, spider_nest_entry_rubble, kennysheep_snail_temple
Lair:4:   layout_regular_city, st_stairs_12, serial_bayou_pond_d,
          chequers_serial_rivers_micro_c
Lair:5:   due_jungle_book, layout_gridlike, slime_entry_1,
          minmay_lair_oklob_bushes, dreamdust_mushroom_princess,
          grunt_megastairs_4
Orc:1:    layout_caves, serial_shops, nicolae_shop_hallway_plus
Orc:2:    grunt_orc_community_town_hall, layout_caves,
          grunt_orc_community_big_house_1, grunt_orc_community_big_house_1,
          grunt_orc_community_house_2, grunt_orc_community_house_3,
          grunt_orc_community_house_2, grunt_orc_community_house_3,
          grunt_orc_community_house_3, grunt_orc_community_house_3,
          serial_shops, shop, nicolae_shop_bloodbath_and_beyond, shop, shop,
          mines2_lemuel
Elf:1:    nicolae_elf_arrival_fired_up, layout_loops_corners, serial_shops,
          nicolae_shop_advertising_works [nicolae_subvault_shop_adworks],
          hangedman_corner_corridor
Elf:2:    elven_hall_of_blades_hangedman_original
          [nicolae_blade_entry_pointy_end], layout_gridlike

Skill      XL: |  1  2  3  4  5  6  7  8  9 10 11 12 13 14 15 16 |
---------------+-------------------------------------------------+-----
Conjurations   | 2 3 4 8 |  8.1
Spellcasting   | 4 5 6 7 9 11 13 | 13.9
Air Magic      | 1 4 5 8 10 | 10.9
Poison Magic   | 1 4 5 |  5.1
Translocations | 4 |  4.2
Fighting       | 1 5 10 | 10.1
Hexes          | 1 10 12 14 15 | 15.7
Ranged Weapons | 2 11 15 | 15.0
Dodging        | |  1.7
Stealth        | |  1.7
Summonings     | |  1.0

Action                     |  1- 3 |  4- 6 |  7- 9 | 10-12 | 13-15 | 16-18 || total
---------------------------+-------+-------+-------+-------+-------+-------++-------
  Melee: Dagger            |    10 |       |       |       |       |       ||    10
         Hand axe          |    18 |    16 |    56 |       |       |       ||    90
         Tailslap          |     1 |       |     7 |       |       |       ||     8
   Fire: Heavy crossbow    |       |       |    16 |   172 |   392 |   210 ||   790
   Cast: Magic Dart        |   108 |   110 |   177 |    25 |       |       ||   420
         Mephitic Cloud    |       |       |    14 |    13 |    30 |     2 ||    59
         Airstrike         |       |       |    34 |    19 |     1 |     1 ||    55
         Lightning Bolt    |       |       |       |     6 |     3 |     2 ||    11
         Arcjolt           |       |       |       |    15 |    60 |    12 ||    87
         Enfeeble          |       |       |       |       |     3 |    12 ||    15
         Blink             |       |       |       |       |     1 |       ||     1
         Silence           |       |       |       |       |       |     1 ||     1
 Invoke: Potion Petition   |       |       |       |     1 |       |       ||     1
Ability: Breathe Dispellin |       |       |     3 |     1 |       |       ||     4
  Evoke: Wand              |       |       |     1 |       |       |       ||     1
         Phantom mirror    |       |       |       |       |     1 |       ||     1
         Condenser vane    |       |       |       |       |     1 |       ||     1
    Use: Scroll            |     2 |     3 |     2 |     3 |    10 |     5 ||    25
         Potion            |     1 |       |     3 |     9 |     2 |     1 ||    16
   Stab: Sleeping          |       |     1 |       |       |       |       ||     1
         Confused          |       |       |     4 |       |       |       ||     4
 Armour: Skin              |    18 |    34 |    58 |   123 |   182 |    54 ||   469
  Dodge: Dodged            |    39 |    51 |    68 |   125 |   336 |   122 ||   741

Table legend: (Time is in decaauts)
 A = Elapsed time spent in this place.
 B = Non-inter-level travel time spent in this place.
 C = Inter-level travel time spent in this place.
 D = Time resting spent in this place.
 E = Time spent auto-exploring this place.
 F = Levels seen in this place.
 G = Mean time per level.
                   A        B        C        D        E       F      G
               +--------+--------+--------+--------+--------+-----+--------+
         Total |  28284 |  26729 |   1555 |   5482 |  15380 |  26 | 1087.8 |
       Dungeon |  17983 |  16935 |   1048 |   3895 |   9882 |  15 | 1198.9 |
          Lair |   5898 |   5644 |    254 |    886 |   3384 |   5 | 1179.6 |
  Orcish Mines |   1964 |   1731 |    233 |    183 |   1131 |   2 |  982.0 |
   Elven Halls |   1069 |   1050 |     19 |     84 |    765 |   2 |  534.5 |
        Bailey |    435 |    435 |      0 |    129 |      0 |   1 |  435.0 |
      Gauntlet |    932 |    932 |      0 |    304 |    218 |   1 |  932.0 |
               +--------+--------+--------+--------+--------+-----+--------+

Top non-repeatable levels by time:
     D:8: 1975 daAuts
   Orc:2: 1694 daAuts
     D:5: 1676 daAuts
     D:4: 1588 daAuts
     D:6: 1571 daAuts
  Lair:5: 1352 daAuts
     D:1: 1340 daAuts
     D:9: 1327 daAuts
  Lair:3: 1257 daAuts
  Lair:2: 1213 daAuts
    D:10: 1191 daAuts
  Lair:4: 1149 daAuts
     D:2: 1084 daAuts
   Elf:1: 1020 daAuts
     D:3: 1018 daAuts
